[Event "ICC Open 2015"]
[Site "Internet Chess Club"]
[Date "2015.05.30"]
[Round "5"]
[White "kingmate"]
[Black "vasek"]
[Result "0-1"]
[ICCResult "White forfeits on time"]
[WhiteElo "2557"]
[BlackElo "1351"]
[Opening "Giuoco Piano"]
[ECO "C54"]
[NIC "IG.02"]
[Time "14:48:15"]
[TimeControl "180+0"]

1. e4 e5 2. Nf3 Nc6 3. Bc4 Bc5 4. c3 Nf6 5. d3 d6 6. Nbd2 a6 7. h3 Ba7 8.
Bb3 O-O 9. Nf1 h6 10. Ng3 Re8 11. O-O Be6 12. Re1 d5 13. Qe2 d4 14. Bxe6
Rxe6 15. c4 Ne7 16. Nh2 Ng6 17. Nf5 Ne7 18. Ng3 Ng6 19. Ng4 Nxg4 20. Qxg4
Qh4 21. Qxh4 Nxh4 22. Bd2 Bc5 23. b4 Bf8 24. a4 c5 25. Rab1 b6 26. bxc5 Bxc5
27. Bb4 Bxb4 28. Rxb4 Rc8 29. Reb1 Rcc6 30. Ne2 Ng6 31. Ra1 a5 32. Rb5 f6
33. Rab1 Kf7 34. Nc1 Ne7 35. Nb3 Nc8 36. Nd2 Na7 37. R5b2 Ke7 38. Nb3 Kd7
39. c5 bxc5 40. Nxa5 Rc7 41. Rb8 Ra6 42. Nc4 Nc6 43. Rg8 Ke6 44. Rb6 Rxb6
45. Nxb6 Rb7 46. Nd5 Kf7 47. Ra8 Ra7 48. Rxa7+ Nxa7 49. Kf1 Ke6 50. Ke2 Kd6
51. Kd2 f5 52. f3 fxe4 53. fxe4 Kc6 54. Kc2 Nc8 55. Kb3 Nd6 56. Ne7+ Kd7 57.
Nd5 Kc6 58. Ne7+ Kd7 59. Ng6 Ke6 60. a5 c4+ 61. Kc2 cxd3+ 62. Kxd3 Nb7 63.
a6 Nc5+ 64. Kc4 Nxa6 65. Nf8+ Ke7 66. Ng6+ Kf6 67. Nf8 Nc7 68. Nd7+ Ke6 69.
Nc5+ Kd6 70. Nb7+ Kc6 71. Nd8+ Kd7 72. Nb7 Kc6 73. Na5+ Kd6 74. Nb3 Ne6 75.
Nd2 Nf4 76. g3 Ne2 77. Kd3 Nxg3 78. Nf3 Nh5 79. Nh4 Nf4+ 80. Kc4 Ke6 81. Nf5
Kf6 82. h4 d3 83. Kc3 h5 {White forfeits on time} 0-1

[Event "ICC Open 2015"]
[Site "Internet Chess Club"]
[Date "2015.05.30"]
[Round "5"]
[White "patzenfeet"]
[Black "Ancient"]
[Result "0-1"]
[ICCResult "White checkmated"]
[WhiteElo "1564"]
[BlackElo "2105"]
[Opening "French: advance, Euwe variation"]
[ECO "C02"]
[NIC "FR.03"]
[Time "14:49:00"]
[TimeControl "180+0"]

1. e4 e6 2. d4 d5 3. e5 c5 4. c3 Nc6 5. Nf3 Bd7 6. Be2 f6 7. exf6 Qxf6 8.
O-O Bd6 9. Bg5 Qf7 10. a3 Nf6 11. b4 c4 12. b5 Na5 13. a4 O-O 14. Ne5 Bxe5
15. dxe5 Ne4 16. Be3 Nb3 17. Ra2 a6 18. bxa6 Rxa6 19. f3 Nec5 20. a5 Rc8 21.
Nd2 Nxa5 22. Nxc4 Nxc4 23. Rxa6 Nxe3 24. Qd4 Nxa6 25. Qxe3 Qe7 26. f4 Qc5
27. Qxc5 Rxc5 28. c4 dxc4 29. Rd1 Rd5 30. Rb1 b5 31. Bf3 Rd2 32. Ra1 Nb4 33.
Bh5 g6 34. Bg4 c3 35. Ra8+ Kg7 36. Ra7 c2 37. Rc7 Nc6 38. Bxe6 c1=Q#
{White checkmated}
0-1

[Event "ICC Open 2015"]
[Site "Internet Chess Club"]
[Date "2015.05.30"]
[Round "5"]
[White "Federicov"]
[Black "Valai"]
[Result "1-0"]
[ICCResult "Black forfeits on time"]
[WhiteElo "3078"]
[BlackElo "2529"]
[Opening "Robatsch defense"]
[ECO "B06"]
[NIC "KF.05"]
[Time "14:49:36"]
[TimeControl "180+0"]

1. e4 g6 2. d4 Bg7 3. Nc3 c6 4. Nf3 d5 5. h3 Nf6 6. e5 Ne4 7. Bd3 Nxc3 8.
bxc3 c5 9. O-O Nc6 10. Bf4 c4 11. Be2 Bf5 12. Qd2 h6 13. Rab1 g5 14. Bg3 Qd7
15. Nh2 e6 16. Ng4 Qe7 17. Rb2 h5 18. Nf6+ Bxf6 19. exf6 Qxf6 20. Rxb7 h4
21. Bh2 Qg6 22. Rc7 Ne7 23. Qc1 g4 24. Qa3 Nc8 25. Bd6 Nxd6 26. Qxd6 Qf6 27.
hxg4 Be4 28. Qc6+ Kf8 29. Qxa8+ Kg7 30. Rc8 Rxc8 31. Qxc8 h3 32. gxh3 Qh6
33. Qc7 Qxh3 34. Qh2 Qxc3 35. Qe5+ Kg6 36. g5 Qxc2 37. Qf6+ Kh7 38. Qxf7+
Kh8 39. Bh5 Qd2 40. Qf6+ Kh7 41. g6+ Kh6 42. g7+ Kh7 43. Bf7
{Black forfeits on time}
1-0

[Event "ICC Open 2015"]
[Site "Internet Chess Club"]
[Date "2015.05.30"]
[Round "5"]
[White "Bartof"]
[Black "kaspinha"]
[Result "1-0"]
[ICCResult "Black forfeits on time"]
[WhiteElo "1980"]
[BlackElo "2317"]
[Opening "Trompowsky attack (Ruth, Opocenský opening)"]
[ECO "A45"]
[NIC "QP.07"]
[Time "14:48:31"]
[TimeControl "180+0"]

1. d4 Nf6 2. Bg5 c5 3. Bxf6 gxf6 4. d5 e5 5. c4 d6 6. Nc3 f5 7. e4 a6 8. Bd3
f4 9. g3 Bg7 10. Qh5 Qf6 11. Nge2 fxg3 12. hxg3 Qg6 13. O-O-O Bg4 14. Qxg6
hxg6 15. Rxh8+ Bxh8 16. Rh1 Bg7 17. Rh4 Bxe2 18. Nxe2 Nd7 19. Bc2 b5 20. Bb3
Nf6 21. f3 Ke7 22. Kd2 g5 23. Rh1 g4 24. Ke3 gxf3 25. Kxf3 bxc4 26. Bxc4 Rb8
27. b3 a5 28. Nc3 Nd7 29. Bb5 Nb6 30. a4 Na8 31. Rh7 Kf8 32. Nd1 Nc7 33. Bc4
Kg8 34. Rh1 Kf8 35. Ne3 Ne8 36. Nf5 Bf6 37. Rh6 Rb6 38. Bb5 Bg7 39. Rh7 Bf6
40. Nh6 Ng7 41. Rh8+ Ke7 42. Ra8 Ne8 43. Ra7+ Kd8 44. Nf5 Nc7 45. Rxa5 Nxb5
46. axb5 Rb7 47. Nxd6 Rxb5 48. Nxb5 Bg5 49. Na3 Bd2 50. Nc4 Bxa5 51. Nxa5 c4
52. Nxc4 Kc7 53. Nxe5 {Black forfeits on time} 1-0

[Event "ICC Open 2015"]
[Site "Internet Chess Club"]
[Date "2015.05.30"]
[Round "5"]
[White "MrsPiggy"]
[Black "brizito"]
[Result "0-1"]
[ICCResult "White resigns"]
[WhiteElo "1408"]
[BlackElo "1633"]
[Opening "Queen's pawn game"]
[ECO "D00"]
[NIC "QP.08"]
[Time "14:51:02"]
[TimeControl "180+0"]

1. d4 d5 2. e3 c6 3. c4 e6 4. Nf3 Nf6 5. Be2 Be7 6. O-O O-O 7. b3 Nbd7 8.
Bb2 b6 9. Nc3 Bb7 10. Re1 Ne4 11. Nd2 Nxc3 12. Bxc3 c5 13. Bf3 cxd4 14. Bxd4
Nf6 15. Bb2 Rc8 16. Nf1 Bb4 17. Re2 Qe7 18. cxd5 Nxd5 19. Rc2 Bc3 20. Bxc3
Nxc3 21. Qc1 Bxf3 22. Rxc3 Bb7 23. Rxc8 Rxc8 24. Qe1 Rc2 25. Ng3 Qf6 26. Ne2
Rxe2 27. Qxe2 Qxa1+ {White resigns} 0-1

[Event "ICC Open 2015"]
[Site "Internet Chess Club"]
[Date "2015.05.30"]
[Round "5"]
[White "pierredams"]
[Black "garompon"]
[Result "0-1"]
[ICCResult "White checkmated"]
[WhiteElo "2020"]
[BlackElo "2556"]
[Opening "Sicilian: Alapin's variation (2.c3)"]
[ECO "B22"]
[NIC "SI.46"]
[Time "14:49:42"]
[TimeControl "180+0"]

1. e4 c5 2. c3 d5 3. exd5 Qxd5 4. Nf3 g6 5. d4 Bg7 6. Be3 Nh6 7. dxc5 Qxd1+
8. Kxd1 Ng4 9. Bb5+ Bd7 10. Bxd7+ Nxd7 11. c6 Nxe3+ 12. fxe3 bxc6 13. Nd4
O-O-O 14. Kc2 c5 15. Nb3 c4 16. Nd4 e5 17. Nf3 Nb6 18. Na3 f5 19. Rad1 e4
20. Ng5 Rd3 21. Rhe1 a6 22. h4 Bf8 23. Ne6 Bxa3 24. bxa3 Re8 25. Nc5 Nd5 26.
Nxd3 exd3+ 27. Kd2 Nf6 28. Rb1 Ne4+ 29. Kd1 Nxc3+ 30. Kd2 Ne4+ 31. Kc1 d2+
32. Kd1 dxe1=Q+ 33. Kxe1 c3 34. Kd1 Rd8+ 35. Kc2 Rd2+ 36. Kb3 Rxg2 37. a4
Nd2+ 38. Kxc3 Nxb1+ 39. Kb4 Rxa2 40. h5 gxh5 41. e4 fxe4 42. Ka5 Rxa4+ 43.
Kb6 e3 44. Ka7 Kc7 45. Ka8 e2 46. Ka7 e1=Q 47. Ka8 Qe4+ 48. Ka7 Qb7#
{White checkmated}
0-1

[Event "ICC Open 2015"]
[Site "Internet Chess Club"]
[Date "2015.05.30"]
[Round "5"]
[White "DogGambit"]
[Black "raanan"]
[Result "1-0"]
[ICCResult "Black forfeits on time"]
[WhiteElo "1672"]
[BlackElo "1265"]
[Opening "two knights defense: Kieseritsky variation"]
[ECO "C58"]
[NIC "KP.01"]
[Time "14:49:11"]
[TimeControl "180+0"]

1. e4 e5 2. Nf3 Nc6 3. Bc4 Nf6 4. Ng5 d5 5. exd5 Na5 6. d3 Nxd5 7. Bxd5 Qxd5
8. Qf3 Qxf3 9. Nxf3 Bd6 10. O-O Bg4 11. Nbd2 O-O 12. b3 f5 13. Bb2 Rfe8 14.
Rfe1 Nc6 15. Nc4 Bxf3 16. gxf3 Re6 17. Re2 Rg6+ 18. Kf1 Re8 19. Rae1 Nb4 20.
a3 Nd5 21. Nxe5 Bxe5 22. Rxe5 Rxe5 23. Rxe5 Nf4 24. Rxf5 Nh3 25. Re5 Nf4 26.
Re7 Rc6 27. Rxg7+ Kf8 28. c4 Rh6 29. Rxc7 {Black forfeits on time} 1-0

[Event "ICC Open 2015"]
[Site "Internet Chess Club"]
[Date "2015.05.30"]
[Round "5"]
[White "burbur"]
[Black "PADILLON2189"]
[Result "1-0"]
[ICCResult "Black forfeits on time"]
[WhiteElo "2564"]
[BlackElo "2073"]
[Opening "Queen's pawn game"]
[ECO "A46"]
[NIC "QP.06"]
[Time "14:48:26"]
[TimeControl "180+0"]

1. d4 Nf6 2. Nf3 e6 3. g3 d5 4. Bg2 c6 5. O-O Nbd7 6. c4 dxc4 7. Qc2 b5 8.
b3 cxb3 9. axb3 Bb7 10. Ne1 Qb6 11. Be3 Nd5 12. Qd3 Nxe3 13. Qxe3 Nf6 14.
Nd3 Rd8 15. Nc5 Nd7 16. Nxb7 Qxb7 17. Rc1 Rc8 18. Nc3 Be7 19. Ne4 O-O 20.
Ra2 Qb6 21. Rac2 a5 22. Rxc6 Rxc6 23. Rxc6 Qb8 24. Nc3 Nf6 25. Qd3 b4 26.
Na4 Rd8 27. Qc4 h5 28. h4 Nd5 29. Bxd5 exd5 30. Qc2 Bf6 31. e3 Qb7 32. Rc7
Qb5 33. Kg2 Rd7 34. Rc8+ Rd8 35. Rxd8+ Bxd8 36. Qc8 Qe8 37. Nc5 Kh7 38. Qf5+
g6 39. Qxd5 Bf6 40. Na4 Kg7 41. Qf3 Qc8 42. Qd5 Qc3 43. Nc5
{Black forfeits on time}
1-0

[Event "ICC Open 2015"]
[Site "Internet Chess Club"]
[Date "2015.05.30"]
[Round "5"]
[White "Borknagar"]
[Black "sanjithc"]
[Result "0-1"]
[ICCResult "White checkmated"]
[WhiteElo "1973"]
[BlackElo "1912"]
[Opening "Queen's pawn game"]
[ECO "D04"]
[NIC "QP.08"]
[Time "14:48:19"]
[TimeControl "180+0"]

1. d4 d5 2. Nf3 Nf6 3. e3 g6 4. c4 c6 5. Nc3 Bg7 6. Be2 Nbd7 7. O-O O-O 8.
b3 a6 9. Bb2 Qc7 10. Qc2 Re8 11. cxd5 cxd5 12. Rfc1 b5 13. h3 Bb7 14. a3
Rac8 15. Bd3 e5 16. dxe5 Nxe5 17. Nxe5 Qxe5 18. Qe2 Qg5 19. Na2 d4 20. f4
Qg3 21. Bxd4 Nh5 22. Qf2 Bxd4 23. Qxg3 Nxg3 24. exd4 Rcd8 25. Re1 Rxe1+ 26.
Rxe1 Rxd4 27. Bf1 Rd2 28. Nc1 Nf5 29. g4 Ng3 30. Ne2 Nxf1 31. Kxf1 Kg7 32.
Ng3 Rd3 33. Ne4 Rxh3 34. Nd6 Bd5 35. b4 Rf3+ 36. Ke2 Rxa3 37. f5 Bf3+ 38.
Kd2 Bxg4 39. fxg6 hxg6 40. Re7 Be6 41. Ra7 Ra4 42. Kc3 Ra3+ 43. Kd4 Rb3 44.
Kc5 Rc3+ 45. Kd4 Ra3 46. Ne4 Kh6 47. Nc5 Bf5 48. Rxa6 Rxa6 49. Nxa6 g5 50.
Ke5 Bd3 51. Nc7 Bc4 52. Kf5 Kh5 53. Ne8 Kh4 54. Nf6 Bb3 55. Ng4 Be6+ 56. Kf6
Bxg4 57. Kxf7 Be2 58. Kf6 Bc4 59. Ke5 g4 60. Kd4 g3 61. Ke3 g2 62. Kf2 Kh3
63. Kg1 Bb3 64. Kf2 Kh2 65. Kf3 g1=Q 66. Ke4 Qg2+ 67. Kf5 Kh3 68. Ke5 Qg3+
69. Kd4 Kh4 70. Kc5 Bc4 71. Kb6 Qg4 72. Ka5 Kh5 73. Kb6 Qg5 74. Ka5 Kh6 75.
Kb6 Qg6+ 76. Ka5 Qf7 77. Kb6 Kg7 78. Ka5 Qa7# {White checkmated} 0-1

[Event "ICC Open 2015"]
[Site "Internet Chess Club"]
[Date "2015.05.30"]
[Round "5"]
[White "wagnerbi"]
[Black "truufseir"]
[Result "0-1"]
[ICCResult "White checkmated"]
[WhiteElo "1913"]
[BlackElo "1605"]
[Opening "QGD: Albin counter-gambit, 5.g3"]
[ECO "D09"]
[NIC "QG.02"]
[Time "14:48:36"]
[TimeControl "180+0"]

1. d4 d5 2. c4 e5 3. dxe5 d4 4. Nf3 Nc6 5. g3 Bg4 6. Bg2 Qd7 7. Nbd2 Nge7 8.
h3 Be6 9. a3 Ng6 10. b4 O-O-O 11. Bb2 Ngxe5 12. Nxe5 Nxe5 13. c5 d3 14. e3
Nc4 15. Nxc4 Bxc4 16. Qd2 Rg8 17. Rc1 Bb5 18. c6 Bxc6 19. Rxc6 bxc6 20. O-O
Qe6 21. Rc1 Rd6 22. Bd4 Be7 23. Qxd3 Rgd8 24. Qa6+ Kd7 25. Qxa7 Bf6 26. Bb6
Rc8 27. Bc5 Rd2 28. Bd4 Bxd4 29. Bxc6+ Qxc6 30. Qxd4+ Rxd4 31. Rxc6 Rd1+ 32.
Kg2 Kxc6 33. Kf3 Kb5 34. Ke2 Ka4 35. Kxd1 Kxa3 36. b5 Kb4 37. b6 Kb5 38. e4
cxb6 39. e5 Rd8+ 40. Kc2 Kc4 41. f4 b5 42. f5 b4 43. g4 Ra8 44. e6 fxe6 45.
fxe6 Ra2+ 46. Kd1 Kd3 47. Ke1 Re2+ 48. Kf1 Rxe6 49. Kf2 b3 50. Kf3 Re3+ 51.
Kf4 b2 52. g5 b1=Q 53. h4 Qb4+ 54. Kf5 Qd4 55. h5 Re5# {White checkmated}
0-1

[Event "ICC Open 2015"]
[Site "Internet Chess Club"]
[Date "2015.05.30"]
[Round "5"]
[White "Jack-Daniels"]
[Black "BlackHorse96"]
[Result "0-1"]
[ICCResult "White resigns"]
[WhiteElo "2909"]
[BlackElo "3291"]
[Opening "Queen's Pawn"]
[ECO "A41"]
[NIC "QO.17"]
[Time "14:49:21"]
[TimeControl "180+0"]

1. d4 d6 2. Nf3 Nf6 3. c4 g6 4. Nc3 Bf5 5. Nh4 Bc8 6. Nf3 Bf5 7. Nh4 Bd7 8.
e4 Bg7 9. Be2 Nc6 10. O-O e5 11. Nf3 exd4 12. Nxd4 O-O 13. Nc2 Re8 14. f3
Nh5 15. Be3 a5 16. Qd2 Nb4 17. Bg5 f6 18. Be3 f5 19. Bg5 Qb8 20. Nxb4 axb4
21. Nd5 Qa7+ 22. Be3 Qa5 23. exf5 c6 24. Nf4 Qe5 25. Nxh5 gxh5 26. Kf2 Bxf5
27. f4 Qxb2 28. Qxb2 Bxb2 29. Rad1 Rxa2 30. Rd2 b3 31. Bxh5 Re7 32. Bd1 Bc3
33. Bxb3 Rxd2+ 34. Bxd2 Bxd2 35. Rd1 Be3+ 36. Kf3 Bc5 37. g4 Re3+ 38. Kg2
Be4+ {White resigns} 0-1

[Event "ICC Open 2015"]
[Site "Internet Chess Club"]
[Date "2015.05.30"]
[Round "5"]
[White "Wahman"]
[Black "chessrex"]
[Result "1-0"]
[ICCResult "Black checkmated"]
[WhiteElo "2238"]
[BlackElo "2142"]
[Opening "Vienna game"]
[ECO "C25"]
[NIC "VG.04"]
[Time "14:49:07"]
[TimeControl "180+0"]

1. e4 e5 2. Nc3 f5 3. Bc4 Nf6 4. d3 c6 5. Bg5 d6 6. Nge2 h6 7. Bxf6 Qxf6 8.
f4 b5 9. fxe5 dxe5 10. Bb3 Bc5 11. exf5 Bxf5 12. Ng3 Qh4 13. Qh5+ Qxh5 14.
Nxh5 Rh7 15. Bg8 Rh8 16. Nxg7+ Kf8 17. Nxf5 Kxg8 18. Ne4 Nd7 19. Nxc5 Nxc5
20. Ne7+ Kh7 21. Nxc6 e4 22. d4 Ne6 23. c3 Rhc8 24. Ne7 Rc7 25. Nd5 Rf7 26.
Rf1 Raf8 27. Rxf7+ Rxf7 28. Ke2 Kg6 29. Rf1 Rd7 30. Nf4+ Kf6 31. Nxe6+ Kxe6
32. Ke3 Rg7 33. g3 Kd5 34. Rf5+ Kc6 35. Kxe4 Re7+ 36. Kd3 Re1 37. Rf6+ Kd5
38. Rxh6 Rd1+ 39. Kc2 Ra1 40. Rh5+ Kc6 41. a3 a5 42. Re5 Rh1 43. Re2 Kd5 44.
Rg2 Kc4 45. g4 Rf1 46. g5 b4 47. axb4 axb4 48. cxb4 Kxd4 49. g6 Rf8 50. g7
Rg8 51. Kb3 Ke5 52. h4 Kf6 53. h5 Rxg7 54. Rxg7 Kxg7 55. b5 Kh6 56. b6 Kxh5
57. b7 Kg6 58. b8=Q Kf5 59. Qe8 Kf4 60. Kc2 Kf3 61. b4 Kf4 62. b5 Kf5 63. b6
Kf4 64. b7 Kg5 65. b8=R Kf5 66. Rb7 Kf6 67. Rf7+ Kg6 68. Qg8+ Kh6 69. Rh7#
{Black checkmated}
1-0

[Event "ICC Open 2015"]
[Site "Internet Chess Club"]
[Date "2015.05.30"]
[Round "5"]
[White "A4-H5"]
[Black "bennywins"]
[Result "1-0"]
[ICCResult "Black checkmated"]
[WhiteElo "1688"]
[BlackElo "1173"]
[Opening "French: advance variation"]
[ECO "C02"]
[NIC "FR.03"]
[Time "14:49:16"]
[TimeControl "180+0"]

1. e4 d5 2. e5 e6 3. d4 f6 4. Bd3 fxe5 5. Qh5+ Ke7 6. Bg5+ Nf6 7. dxe5 h6 8.
exf6+ gxf6 9. Bxf6+ Kxf6 10. Qh4+ Kf7 11. Qxd8 Bg7 12. Qxc7+ Nd7 13. Nf3
Bxb2 14. O-O Bxa1 15. c3 Bxc3 16. Nxc3 e5 17. Nxe5+ Ke6 18. Ne2 Nxe5 19.
Nd4+ Kf6 20. Qd6+ Kf7 21. Qxe5 Re8 22. Qxd5+ Be6 23. Nxe6 Rxe6 24. Bg6+ Kxg6
25. Qxe6+ Kg7 26. Rd1 Rf8 27. Rd7+ Rf7 28. Rxf7+ Kg8 29. Qe8# {Black
checkmated} 1-0

[Event "ICC Open 2015"]
[Site "Internet Chess Club"]
[Date "2015.05.30"]
[Round "5"]
[White "eddington"]
[Black "smoothg"]
[Result "1-0"]
[ICCResult "Black checkmated"]
[WhiteElo "2163"]
[BlackElo "1833"]
[Opening "Sicilian: accelerated fianchetto, modern variation with Bc4"]
[ECO "B35"]
[NIC "KF.05"]
[Time "14:48:46"]
[TimeControl "180+0"]

1. e4 g6 2. d4 Bg7 3. Nc3 c5 4. Nf3 cxd4 5. Nxd4 Nc6 6. Be3 Nf6 7. Bc4 Qa5
8. O-O O-O 9. Bb3 d6 10. h3 Bd7 11. f4 Qh5 12. Qd2 b5 13. a3 a5 14. Ndxb5
Rfc8 15. Nd4 Rab8 16. a4 Bxh3 17. gxh3 Qxh3 18. Rf3 Qg4+ 19. Kf2 Qh4+ 20.
Ke2 Ng4 21. Nxc6 Rxc6 22. Qd5 Rc7 23. Qxf7+ Kh8 24. Nd5 Qh2+ 25. Bf2 Rf8 26.
Qxf8+ Bxf8 27. Nxc7 Nf6 28. e5 Ne4 29. Rf1 Qh5 30. Ne6 Bh6 31. Bd4 Kg8 32.
Ng5+ Kf8 33. Nxe4 Ke8 34. exd6 Qf5 35. d7+ Kxd7 36. Re3 Bxf4 37. Nc5+ Kd6
38. Rxf4 Qh5+ 39. Kd2 Kc6 40. Re6+ Kc7 41. Be5+ Kd8 42. Rf8# {Black
checkmated} 1-0

[Event "ICC Open 2015"]
[Site "Internet Chess Club"]
[Date "2015.05.30"]
[Round "5"]
[White "SurferRosa"]
[Black "Mardaker"]
[Result "0-1"]
[ICCResult "White forfeits on time"]
[WhiteElo "2302"]
[BlackElo "2727"]
[Opening "QGD Slav: Dutch variation"]
[ECO "D18"]
[NIC "SL.04"]
[Time "14:48:37"]
[TimeControl "180+0"]

1. d4 d5 2. c4 c6 3. Nf3 Nf6 4. Nc3 dxc4 5. a4 Bf5 6. e3 e6 7. Bxc4 Nbd7 8.
O-O Bb4 9. Qe2 Bg6 10. Rd1 O-O 11. Bd2 Qe7 12. a5 Rfd8 13. a6 b5 14. Bb3 Nb6
15. Ne5 Rac8 16. Nxg6 hxg6 17. Be1 Nfd5 18. Ne4 Bxe1 19. Rxe1 Nf6 20. Nc5
Nfd7 21. Nb7 Re8 22. Rec1 Nb8 23. f4 Nxa6 24. Nc5 Nxc5 25. Rxc5 Rc7 26. Rac1
Rec8 27. e4 a5 28. Qg4 a4 29. Ba2 Nd7 30. R5c2 c5 31. f5 gxf5 32. exf5 exf5
33. Qxf5 c4 34. Rf2 Nf6 35. Bb1 Qe3 36. Rf1 Re8 37. Qxb5 Qxd4 38. Qxa4 Rb8
39. Kh1 Re7 40. Qc2 Reb7 41. Rxf6 gxf6 42. Qh7+ Kf8 43. Re1 f5 44. Bxf5 Rxb2
{White forfeits on time}
0-1

[Event "ICC Open 2015"]
[Site "Internet Chess Club"]
[Date "2015.05.30"]
[Round "5"]
[White "WhitsellF"]
[Black "mockingbird"]
[Result "0-1"]
[ICCResult "White checkmated"]
[WhiteElo "1558"]
[BlackElo "2264"]
[Opening "Richter-Veresov attack"]
[ECO "D01"]
[NIC "QP.08"]
[Time "14:48:29"]
[TimeControl "180+0"]

1. d4 d5 2. Nc3 Nf6 3. Bg5 Nbd7 4. e3 e6 5. f4 Be7 6. Bxf6 Nxf6 7. Bd3 O-O
8. Nf3 c5 9. O-O c4 10. Be2 Bd7 11. Ne5 Bb4 12. g4 Bxc3 13. bxc3 Ne4 14. Qe1
f6 15. Nxd7 Qxd7 16. Bf3 f5 17. Bxe4 dxe4 18. g5 b5 19. a4 a6 20. Qb1 Rfb8
21. a5 Qf7 22. Qb4 Qh5 23. Kh1 Qe2 24. Rac1 Qxe3 25. Qd6 Re8 26. d5 exd5 27.
Qxd5+ Kh8 28. Qxf5 Qxc3 29. g6 Qf6 30. Qxf6 gxf6 31. gxh7 Kxh7 32. f5 Re5
33. Rce1 e3 34. Rf3 e2 35. Kg2 Rae8 36. Kf2 Kh6 37. Rf4 Kg5 38. Rf3 Rxf5 39.
Rxe2 Rxe2+ 40. Kxe2 Rxf3 41. Kxf3 b4 42. Ke3 f5 43. Kd4 b3 44. cxb3 cxb3 45.
Kc3 f4 46. Kxb3 f3 47. Kc3 f2 48. Kd3 f1=Q+ 49. Ke4 Qa1 50. Kd5 Qxa5+ 51.
Kc6 Qb4 52. Kd7 a5 53. Kc7 a4 54. Kc6 a3 55. Kd7 a2 56. Ke6 a1=Q 57. Kd5
Qad4+ 58. Ke6 Qbd6+ 59. Kf7 Q4f6+ 60. Kg8 Qdf8+ 61. Kh7 Q8h8# {White
checkmated} 0-1

[Event "ICC Open 2015"]
[Site "Internet Chess Club"]
[Date "2015.05.30"]
[Round "5"]
[White "muhit"]
[Black "chessassassin"]
[Result "0-1"]
[ICCResult "White forfeits on time"]
[WhiteElo "2013"]
[BlackElo "1948"]
[Opening "Old Indian defense"]
[ECO "A42"]
[NIC "OI.07"]
[Time "14:49:03"]
[TimeControl "180+0"]

1. d4 d6 2. c4 e5 3. dxe5 dxe5 4. Qc2 Nf6 5. Nc3 c6 6. Bg5 Be7 7. Rd1 Qc7 8.
e4 Be6 9. Nf3 O-O 10. Be2 a5 11. O-O Na6 12. a3 h6 13. Bh4 Rfd8 14. b3 Bxa3
15. Bxf6 gxf6 16. Rxd8+ Rxd8 17. Rd1 Bf8 18. Nh4 Rxd1+ 19. Nxd1 Nb4 20. Qc3
Qd6 21. Ne3 Qd4 22. Qxd4 exd4 23. Nef5 c5 24. Kf1 d3 25. Bd1 a4 26. bxa4
Bxc4 27. Ne3 b5 28. Ke1 Bd6 29. Nhf5 Be5 30. Ne7+ Kf8 31. a5 Kxe7 32. Nf5+
Kf8 33. Kd2 Bc7 34. g3 Bxa5 35. Ke3 Nc2+ 36. Kf4 Bc7+ {White forfeits on
time} 0-1

[Event "ICC Open 2015"]
[Site "Internet Chess Club"]
[Date "2015.05.30"]
[Round "5"]
[White "sebaslojano"]
[Black "jewels2"]
[Result "0-1"]
[ICCResult "White forfeits on time"]
[WhiteElo "1158"]
[BlackElo "1326"]
[Opening "QGD: 4.Bg5"]
[ECO "D50"]
[NIC "QO.16"]
[Time "14:49:20"]
[TimeControl "180+0"]

1. d4 Nf6 2. c4 d5 3. Nc3 e6 4. Bg5 dxc4 5. e4 h6 6. Bxf6 Qxf6 7. Bxc4 Bb4
8. Nf3 O-O 9. O-O Nc6 10. e5 Qe7 11. a3 Ba5 12. b4 Bb6 13. Re1 Rd8 14. d5
exd5 15. Nxd5 Qe8 16. Qb3 Be6 17. Rad1 Ne7 18. Nxe7+ Qxe7 19. Bxe6 fxe6 20.
Rxd8+ Rxd8 21. Rd1 Rxd1+ 22. Qxd1 Kf7 23. Qd3 c6 24. Qc4 Qd7 25. h3 Qd1+ 26.
Kh2 Bxf2 27. Qf4+ Kg8 {White forfeits on time} 0-1

[Event "ICC Open 2015"]
[Site "Internet Chess Club"]
[Date "2015.05.30"]
[Round "5"]
[White "Lightlike"]
[Black "Adonis"]
[Result "0-1"]
[ICCResult "White resigns"]
[WhiteElo "2647"]
[BlackElo "2650"]
[Opening "Scotch: Mieses variation"]
[ECO "C45"]
[NIC "SO.04"]
[Time "14:49:26"]
[TimeControl "180+0"]

1. e4 e5 2. Nf3 Nc6 3. d4 exd4 4. Nxd4 Nf6 5. Nxc6 bxc6 6. e5 Qe7 7. Qe2 Nd5
8. c4 Ba6 9. b3 g6 10. g3 Bg7 11. Bb2 O-O 12. Bg2 Rae8 13. O-O Bxe5 14. Qxe5
Qxe5 15. Bxe5 Rxe5 16. cxd5 Bxf1 17. Kxf1 cxd5 18. Nc3 c6 19. Rc1 Rfe8 20.
Bf3 Kf8 21. Na4 Ke7 22. Rc5 Kd6 23. Ra5 Re1+ 24. Kg2 Ra8 25. Nb6 Rb8 26. Na4
Ra1 27. Nc3 Rxb3 28. Nxd5 Rb5 29. Rxb5 cxb5 30. Nc3 Kc5 31. Be2 b4 32. Ne4+
Kd4 33. Nd6 Rxa2 34. Bc4 Rc2 35. Bxf7 a5 36. Bb3 Rb2 37. Ba4 b3 38. Kf3 Rb1
39. Nb5+ Kc5 40. Nc3 Rc1 41. Ne4+ Kb4 42. Bxd7 b2 43. Nd2 b1=Q 44. Nxb1 Rxb1
45. Kf4 Rb2 46. Ke3 a4 47. h4 a3 48. Be6 a2 49. Bxa2 Rxa2 50. f4 Kc5 51. Ke4
Kd6 52. g4 Ra4+ 53. Kf3 Kd5 54. h5 Ra3+ 55. Kg2 gxh5 56. gxh5 Ke4
{White resigns}
0-1

[Event "ICC Open 2015"]
[Site "Internet Chess Club"]
[Date "2015.05.30"]
[Round "5"]
[White "safadi100"]
[Black "santiagoelawad"]
[Result "0-1"]
[ICCResult "White forfeits on time"]
[WhiteElo "1855"]
[BlackElo "2054"]
[Opening "Caro-Kann: Steinitz variation"]
[ECO "B17"]
[NIC "CK.09"]
[Time "14:48:21"]
[TimeControl "180+0"]

1. e4 c6 2. d4 d5 3. Nc3 dxe4 4. Nxe4 Nd7 5. Bc4 Ngf6 6. Ng5 e6 7. Qe2 Nb6
8. Bd3 Bd6 9. N1f3 h6 10. Ne4 Nxe4 11. Qxe4 Nd5 12. c3 Qc7 13. Bd2 b6 14.
O-O-O Bb7 15. Qg4 g6 16. Bxg6 fxg6 17. Qxg6+ Qf7 18. Qe4 O-O-O 19. Rhe1 Rde8
20. Ne5 Bxe5 21. Qxe5 Qc7 22. Qe4 Qd6 23. c4 Nf6 24. Qh4 Nd7 25. Bf4 Qb4 26.
b3 a5 27. Kb2 a4 28. Bd2 Qe7 29. Qxe7 Rxe7 30. bxa4 Ba6 31. Kc3 Rf8 32. f3
Rg8 33. g4 h5 34. h3 hxg4 35. fxg4 Rh8 36. Re3 Nf6 37. Rb1 Kc7 38. Kd3 Nd5
39. Re5 Rxh3+ 40. Kc2 Nf6 41. a5 b5 42. cxb5 Bxb5 43. Rb4 Nd5 44. Rxd5 exd5
45. a4 Bd3+ 46. Kb2 Re2 47. Kc3 Ba6+ 48. Kc2 Rhh2 49. Rb6 Rxd2+ 50. Kc3 Rd3+
51. Kb4 Rb2+ 52. Kc5 Rxb6 53. axb6+ Kb7 54. a5 Rg3 55. Kd6 Rxg4 56. Ke5 Rxd4
57. Kf6 Bb5 58. Ke7 Ka6 59. Kd6 Bc4 60. Kc7 Bb5 61. b7 Re4 62. b8=Q Re7+
{White forfeits on time}
0-1

[Event "ICC Open 2015"]
[Site "Internet Chess Club"]
[Date "2015.05.30"]
[Round "5"]
[White "hAutAjArvi"]
[Black "MaestroASK"]
[Result "0-1"]
[ICCResult "White checkmated"]
[WhiteElo "2084"]
[BlackElo "2616"]
[Opening "King's pawn opening"]
[ECO "B07"]
[NIC "VO.17"]
[Time "14:49:41"]
[TimeControl "180+0"]

1. e4 d6 2. Nf3 g6 3. d4 Bg7 4. h3 e5 5. dxe5 dxe5 6. Qxd8+ Kxd8 7. Bc4 f6
8. Nc3 Nd7 9. Be3 Bh6 10. Bxh6 Nxh6 11. O-O-O c6 12. Be6 Ke7 13. Bxd7 Bxd7
14. g3 Nf7 15. Rd2 Be6 16. h4 h5 17. Ne1 Rad8 18. Rxd8 Rxd8 19. Nd3 b6 20.
a3 Nd6 21. Re1 c5 22. f4 Nf7 23. fxe5 fxe5 24. Rf1 Bc4 25. Rf3 Bxd3 26. Rxd3
Rxd3 27. cxd3 Nd8 28. Kd2 Nc6 29. Nb5 Kd7 30. Ke3 a6 31. Nc3 b5 32. Nd5 Kd6
33. Nf6 Nd4 34. g4 hxg4 35. Nxg4 a5 36. Nf2 a4 37. Nd1 b4 38. Kf2 Nc2 39.
axb4 cxb4 40. Ke2 Kc5 41. Kd2 Nd4 42. Ne3 Nf3+ 43. Kc2 Nxh4 44. Nc4 Nf3 45.
Na5 g5 46. Nc4 g4 47. Ne3 g3 48. Ng2 Kd4 49. Kb1 Kxd3 50. Ka2 Kxe4 51. b3 a3
52. Kb1 Kd3 53. Ka2 Kd4 54. Kb1 e4 55. Kc1 e3 56. Kb1 e2 57. Ka2 e1=Q 58.
Nxe1 Nxe1 59. Kb1 Kc3 60. Ka2 Nd3 61. Kb1 Kxb3 62. Ka1 Kc3 63. Kb1 g2 64.
Ka1 g1=Q+ 65. Ka2 Qf2+ 66. Ka1 Qb2# {White checkmated} 0-1